 Dungeon Crawl Stone Soup version 0.24.1-8-ga250c9d538 (webtiles) character file.

Game seed: 8379178202975815912, levelgen mode: deterministic

11834 Descartes the Thaumaturge (level 11, -8/54 HPs)
             Began as a Deep Elf Air Elementalist on May 2, 2020.
             Was a Priest of Dithmenos.
             Mangled by a death yak (25 damage)
             ... on level 1 of the Lair of Beasts.
             The game lasted 00:42:16 (15478 turns).

Descartes the Thaumaturge (DEAE)                   Turns: 15478, Time: 00:42:16

Health: -8/54      AC:  8    Str:  7    XL:     11   Next: 54%
Magic:  1/26       EV: 17    Int: 24    God:    Dithmenos [***...]
Gold:   576        SH:  5    Dex: 17    Spells: 4/29 levels left

rFire    + + .     SeeInvis .   z - +3 whip of Famine {venom, rElec rF+} (curse)
rCold    . . .     Gourm    +   O - +0 buckler
rNeg     . . .     Faith    .   M - +3 leather armour {rPois}
rPois    +         Spirit   .   (no helmet)
rElec    +         Reflect  .   G - +0 cloak
rCorr    .         Harm     .   (no gloves)
MR       ++...     Rnd*Rage +   t - +0 pair of boots
Stlth    +++++++...             Q - amulet of the gourmand
HPRegen  0.18/turn              n - ring of protection from fire
MPRegen  0.20/turn              s - ring of protection from magic

@: wreathed by umbra
A: thin skeletal structure 1, berserk 1, screaming 1, strong 1
a: Shadow Step, Renounce Religion


You were on level 1 of the Lair of Beasts.
You worshipped Dithmenos.
Dithmenos was most pleased with you.
You were not hungry.

You visited 4 branches of the dungeon, and saw 13 of its levels.

You collected 576 gold pieces.

Inventory:

Hand Weapons
 r - a +3 dagger of draining
 z - the cursed +3 whip of Famine (weapon) {venom, rElec rF+}
   (You found it on level 5 of the Dungeon)

   It poisons the flesh of those it strikes.
   It protects you from fire.
   It insulates you from electricity.
   It has a curse placed upon it.
 P - the +6 trident of Truncation {venom, *Corrode Int+3 Dex+4}
   (You took it off a goblin on level 9 of the Dungeon)

   It poisons the flesh of those it strikes.
   It affects your intelligence (+3).
   It affects your dexterity (+4).
   It may corrode you when you take damage.
Missiles
 b - 38 poisoned darts
 h - 196 stones
 m - 14 sling bullets
 o - 132 bolts
 q - 121 arrows
 C - 6 curare-tipped darts
 D - a throwing net
 I - 5 atropa-tipped darts
 J - 6 boomerangs of dispersal (quivered)
Armour
 p - a +0 troll leather armour
 t - a +0 pair of boots (worn)
 G - a +0 cloak (worn)
 K - a +0 large shield
 M - a +3 leather armour of poison resistance (worn)
 O - a +0 buckler (worn)
Magical Staves
 a - an uncursed staff of fire {unknown}
Jewellery
 l - an uncursed ring of wizardry
 n - a ring of protection from fire (left hand)
 s - a ring of protection from magic (right hand)
 L - an uncursed ring of resist corrosion
 Q - an amulet of the gourmand (around neck)
Wands
 d - a wand of polymorph (14)
 F - a wand of iceblast (11)
 H - a wand of random effects (23)
Scrolls
 e - 5 scrolls of amnesia
 i - 6 scrolls of teleportation
 j - 2 scrolls of identify
 u - 3 scrolls of immolation
 v - 2 scrolls of magic mapping
 x - 3 scrolls of enchant armour
 y - 4 scrolls of blinking
 B - a scroll of remove curse
 N - 2 scrolls of enchant weapon
Potions
 f - 3 potions of degeneration
 g - a potion of curing
 k - 3 potions of brilliance
 w - a potion of cancellation
 A - 3 potions of haste
 E - a potion of agility
 R - a potion of resistance {unknown}
Comestibles
 c - 20 rations


   Skills:
 - Level 4.0 Armour
 + Level 9.0 Dodging
 + Level 9.8 Stealth
 + Level 2.8 Shields
 + Level 9.9 Spellcasting
 + Level 8.0 Conjurations
 + Level 5.4 Hexes
 + Level 1.3 Charms
 + Level 4.5 Fire Magic
 + Level 8.0 Air Magic
 + Level 1.0 Invocations
 + Level 1.0 Evocations


You had 4 spell levels left.
You knew the following spells:

 Your Spells              Type           Power        Failure   Level  Hunger
a - Shock                 Conj/Air       ####         1%          1    None
b - Airstrike             Air            ######....   3%          4    #......
c - Static Discharge      Conj/Air       ######..     1%          3    None
d - Inner Flame           Hex/Fire       #####...     3%          3    None
e - Conjure Flame         Conj/Fire      #####...     1%          3    None
f - Sticky Flame          Conj/Fire      #####...     7%          4    #......
g - Lightning Bolt        Conj/Air       ######....   9%          5    ####...
h - Swiftness             Chrm/Air       ####....     1%          2    None

Your spell library contained the following spells:

 Spells                   Type           Power        Failure   Level  Hunger
 Flame Tongue             Conj/Fire      #####        1%          1    None
 Throw Flame              Conj/Fire      #####.       1%          2    None
 Infusion                 Chrm           ###.         4%          1    None
 Spectral Weapon          Hex/Chrm       ####....     7%          3    None
 Song of Slaying          Chrm           ###.....     8%          2    None
 Beastly Appendage        Tmut           ##....       9%          1    None
 Shroud of Golubria       Chrm/Tloc      ###...       11%         2    None
 Sticks to Snakes         Tmut           ##......     14%         2    None
 Regeneration             Chrm/Necr      ###.......   21%         3    None
 Spider Form              Tmut/Pois      ##........   26%         3    None
 Ice Form                 Ice/Tmut       ##......     65%         4    #......
 Fireball                 Conj/Fire      #####.....   19%         5    ####...
 Blade Hands              Tmut           ##........   94%         5    ####...


Dungeon Overview and Level Annotations

Branches:
Dungeon (9/15)             Temple (1/1) D:5            Lair (1/6) D:9
    Orc (2/2) D:9
    Elf: Orc:2

Altars:
Ashenzari
Cheibriados
Dithmenos
Elyvilon
Fedhas
Gozag
Hepliaklqana
Kikubaaqudgha
Makhleb
Nemelex Xobeh
Okawaru
Qazlal
Ru
Sif Muna
Trog
Uskayaw
Vehumet
Wu Jian
Xom
Yredelemnul
Zin
The Shining One

Shops:
D:6 =


Innate Abilities, Weirdness & Mutations

You have a somewhat thin skeletal structure. (Dex +2, Stealth)
You tend to lose your temper in combat.
You occasionally shout uncontrollably at your foes.
Your muscles are strong. (Str +2)


Message History

Unknown command.
You hit the death yak but do no damage.
The death yak is almost dead.
The death yak is engulfed in blazing flames.
The death yak gores you!
* * * LOW HITPOINT WARNING * * *
You hit the death yak.
The death yak is almost dead.
The death yak is engulfed in blazing flames.
You kill the death yak!
Dithmenos accepts your kill.
Your Charms skill increases to level 1!
Your Air Magic skill increases to level 8!
Your Invocations skill increases to level 1!
Your Evocations skill increases to level 1!
Okay, then.
You hit the death yak but do no damage.
The death yak is poisoned.
The death yak is engulfed in blazing flames.
The death yak gores you!!
You die...

# ##.......## ##
####....# .####
###.รท# ..#.### ##.#
......# #.## ......#
## #..# ......#
#.### #..####
......#
#..####Y....#
.....##
#....#@#.....Y...
...###
##......#######...
...# #P........# .
#..#### ###.......#
......## ##.......#
.......####..#....##
........##..###...#
....?.......# ##..#
............#######


You could see a death yak.

Vanquished Creatures
  2 two-headed ogres
  2 death yaks (Lair:1)
  Pikel (D:4)
  The ghost of fexx the Skirmisher, a novice MiBe of Trog (D:7)
  The ghost of Gabide the Twirler, a novice HuFi of Makhleb (D:5)
  Joseph (D:8)
  A spiny frog (Lair:1)
  4 trolls
  A hornet (D:9)
  Grinder (D:5)
  Prince Ribbit (D:8)
  2 hippogriffs
  Sigmund (D:3)
  A human (D:7)
  2 yaks (D:7)
  2 hogs (D:7)
  A steam dragon (D:9)
  2 wargs (D:9)
  A water moccasin (Lair:1)
  A porcupine (Lair:1)
  A sky beast (D:8)
  2 orc warriors
  2 slaves
  2 phantoms
  An eye of draining (D:9)
  2 centaurs
  5 ogres
  Blork the orc (D:4)
  11 bullfrogs
  3 big kobolds
  A gnoll sergeant (D:8)
  A water moccasin skeleton (D:5)
  5 killer bees (D:9)
  2 howler monkeys (D:9)
  3 electric eels (D:9)
  3 crimson imps
  6 orc priests
  8 hounds
  A bullfrog skeleton (D:5)
  2 jellies (D:6)
  12 orc wizards
  A centaur skeleton (D:8)
  An iguana (D:6)
  5 worker ants
  A killer bee zombie (D:6)
  7 gnolls
  2 howler monkey skeletons
  8 river rats (D:6)
  12 adders
  2 shadow imps
  An adder skeleton (D:8)
  3 adder zombies
  4 worms
  3 dart slugs
  3 leopard geckos
  36 orcs
  3 giant cockroaches
  5 goblins
  7 hobgoblins
  11 jackals
  8 quokkas
  4 bats
  11 frilled lizards
  A jackal skeleton (D:4)
  37 kobolds
  A leopard gecko zombie (D:8)
  20 rats
300 creatures vanquished.

Vanquished Creatures (others)
  A kobold (D:5)
  7 plants (D:9)
8 creatures vanquished.

Grand Total: 308 creatures vanquished

Notes
Turn   | Place    | Note
-------+----------+-------------------------------------------
     0 | D:1      | Descartes the Deep Elf Air Elementalist began the quest for
                  | the Orb.
     0 | D:1      | Reached XP level 1. HP: 10/10 MP: 6/6
   363 | D:1      | Reached XP level 2. HP: 8/15 MP: 2/8
  1134 | D:2      | Reached XP level 3. HP: 19/19 MP: 5/9
  1515 | D:2      | Reached XP level 4. HP: 16/24 MP: 4/11
  1701 | D:2      | Learned a level 4 spell: Airstrike
  1705 | D:2      | Learned a level 3 spell: Static Discharge
  2176 | D:3      | Found a sacrificial altar of Ru.
  2182 | D:3      | Reached XP level 5. HP: 28/28 MP: 10/13
  2946 | D:3      | Noticed Sigmund
  3093 | D:3      | Killed Sigmund
  3093 | D:3      | Reached XP level 6. HP: 22/32 MP: 5/15
  3542 | D:4      | Reached skill level 5 in Spellcasting
  3751 | D:4      | Noticed Blork the orc
  3764 | D:4      | Killed Blork the orc
  3764 | D:4      | Reached XP level 7. HP: 36/36 MP: 0/16
  3991 | D:4      | Reached skill level 5 in Stealth
  4885 | D:5      | Entered Level 5 of the Dungeon
  4885 | D:5      | Noticed Grinder
  4997 | D:5      | Got a steaming whip
  4998 | D:5      | Identified the cursed +3 whip of Famine {venom, rElec rF+}
                  | (You found it on level 5 of the Dungeon)
  5278 | D:5      | Found a staircase to the Ecumenical Temple.
  5284 | D:5      | Reached skill level 5 in Dodging
  5291 | Temple   | Entered the Ecumenical Temple
  5453 | Temple   | Became a worshipper of Dithmenos the Shadowed
  5477 | D:5      | Found a snail-covered altar of Cheibriados.
  5630 | D:5      | Reached skill level 1 in Armour
  5650 | D:5      | Noticed Pikel
  5977 | D:4      | Killed Pikel
  5977 | D:4      | Reached skill level 5 in Air Magic
  5977 | D:4      | Reached XP level 8. HP: 27/41 MP: 7/19
  6345 | D:5      | Reached skill level 5 in Conjurations
  6575 | D:5      | Found a runed translucent door.
  6583 | D:5      | Noticed Gabide's ghost (novice HuFi)
  6594 | D:5      | Paralysed by Grinder for 4 turns
  6604 | D:5      | Paralysed by Grinder for 5 turns
  6610 | D:5      | Killed Grinder
  6732 | D:5      | Killed Gabide's ghost
  6732 | D:5      | Reached XP level 9. HP: 25/45 MP: 1/21
  7502 | D:6      | Found Cuimitz's Jewellery Shop.
  7519 | D:6      | Reached * piety under Dithmenos
  7519 | D:6      | Noticed a troll
  7661 | D:6      | Found a radiant altar of Vehumet.
  8381 | D:6      | Killed a troll
  8463 | D:6      | Found a glowing golden altar of the Shining One.
  8596 | D:6      | Gained mutation: You occasionally shout uncontrollably at
                  | your foes. [potion of mutation]
  8596 | D:6      | Gained mutation: You sometimes yell uncontrollably at your
                  | foes. [potion of mutation]
  8596 | D:6      | Gained mutation: You are frail. (-10% HP) [potion of
                  | mutation]
  8596 | D:6      | Gained mutation: Your muscles are strong. (Str +2) [potion
                  | of mutation]
  8597 | D:6      | Lost mutation: You sometimes yell uncontrollably at your
                  | foes. [potion of mutation]
  8597 | D:6      | Lost mutation: You are frail. (-10% HP) [potion of
                  | mutation]
  8597 | D:6      | Gained mutation: You tend to lose your temper in combat.
                  | [potion of mutation]
  8597 | D:6      | Gained mutation: You have a somewhat thin skeletal
                  | structure. (Dex +2, Stealth) [potion of mutation]
  8824 | D:6      | Reached ** piety under Dithmenos
  8968 | D:6      | Found a white marble altar of Elyvilon.
  9354 | D:7      | Learned a level 3 spell: Inner Flame
  9358 | D:7      | Learned a level 3 spell: Conjure Flame
  9363 | D:7      | Learned a level 4 spell: Sticky Flame
  9369 | D:7      | Learned a level 5 spell: Lightning Bolt
  9514 | D:7      | Reached skill level 1 in Hexes
  9520 | D:7      | Reached skill level 1 in Fire Magic
  9524 | D:7      | Reached XP level 10. HP: 44/50 MP: 6/24
 10068 | D:7      | Noticed fexx's ghost (novice MiBe)
 10077 | D:7      | Found a runed translucent door.
 10089 | D:7      | Learned a level 2 spell: Swiftness
 10370 | D:7      | Killed fexx's ghost
 10755 | D:8      | Noticed Prince Ribbit
 10759 | D:8      | Killed Prince Ribbit
 11230 | D:8      | Noticed Joseph
 11245 | D:8      | Killed Joseph
 11245 | D:8      | Reached skill level 1 in Shields
 12564 | D:9      | Noticed a two-headed ogre
 12788 | D:9      | Noticed a two-headed ogre
 13024 | D:9      | Reached *** piety under Dithmenos
 13086 | D:9      | Found a staircase to the Lair.
 13098 | D:9      | Identified the +8 dagger "Leviticus" {flame, *Slow rPois
                  | rC- Dex+9}
 13283 | D:9      | Reached XP level 11. HP: 53/54 MP: 17/26
 13375 | D:8      | Killed a two-headed ogre
 13528 | D:9      | Identified the +6 trident of Truncation {venom, *Corrode
                  | Int+3 Dex+4}
 13686 | D:9      | Found a staircase to the Orcish Mines.
 13810 | D:9      | Found a shimmering blue altar of Sif Muna.
 14102 | D:9      | Found a basalt altar of Yredelemnul.
 14127 | D:9      | Killed a two-headed ogre
 14142 | D:9      | Reached skill level 5 in Hexes
 14453 | Orc:1    | Entered Level 1 of the Orcish Mines
 14550 | Orc:2    | Entered Level 2 of the Orcish Mines
 14661 | Orc:2    | Noticed an ettin
 14814 | Lair:1   | Entered Level 1 of the Lair of Beasts
 15453 | Lair:1   | Noticed a death yak
 15454 | Lair:1   | Noticed a death yak
 15458 | Lair:1   | Noticed a death yak
 15469 | Lair:1   | Killed a death yak
 15477 | Lair:1   | Killed a death yak
 15477 | Lair:1   | Reached skill level 1 in Charms
 15477 | Lair:1   | Reached skill level 1 in Invocations
 15477 | Lair:1   | Reached skill level 1 in Evocations
 15478 | Lair:1   | Mangled by a death yak

Levels and vault maps discovered:
D:1:      lemuel_arrival_behind_the_door_large, layout_loops_ring
D:2:      layout_loops_ring, first_ration
D:3:      layout_basic, ebering_dispersal_statue_hall, nicolae_ru_awakened_eye,
          uniq_sigmund
D:4:      layout_loops_ring, uniq_blork_the_orc
D:5:      kennysheep_kobold_camp, layout_basic, old_standard_altar,
          minmay_temple_entry_proselytizer, ebering_ghost_reflecting_pool,
          uniq_pikel, uniq_grinder
D:6:      lemuel_ratsnest, layout_cave_pods, kennysheep_mini_moat,
          vehumet_crystals, lemuel_crystal_altar, serial_shops, shop
D:7:      layout_rooms, hellmonk_ghost_happy_afterlife, grunt_livestock,
          minivault_10, minmay_unpleasant_kobolds
D:8:      layout_cave_pools, uniq_prince_ribbit1, uniq_joseph
D:9:      layout_irregular_city, led_sif_book, nicolae_overflow_hidden_temple,
          lair_entry_dummy, erik_orc_4, st_stairs_7, serial_bayou_lake_a
Temple:   eino_temple_rhombus
Lair:1:   layout_cave_pods
Orc:1:    lemuel_ogre_cave, layout_caves, basic_altar, minmay_orc_temple_c
Orc:2:    st_orc_congregation, layout_diamond_mine, basic_altar

Skill      XL: |  1  2  3  4  5  6  7  8  9 10 11 |
---------------+----------------------------------+-----
Stealth        | 3 4 6 7 8 9 |  9.8
Dodging        | 3 4 5 6 7 8 9 |  9.0
Conjurations   | 2 3 4 5 6 7 8 |  8.0
Spellcasting   | 4 5 6 7 8 9 |  9.9
Air Magic      | 4 5 6 7 8 |  8.0
Armour         | 1 2 3 4 |  4.0
Hexes          | 1 4 5 |  5.4
Fire Magic     | 1 3 4 |  4.5
Shields        | 1 2 |  2.8
Charms         | 1 |  1.3
Invocations    | 1 |  1.0
Evocations     | 1 |  1.0

Action                   |  1- 3 |  4- 6 |  7- 9 | 10-12 || total
-------------------------+-------+-------+-------+-------++-------
Melee: Short sword       |     1 |     1 |       |       ||     2
       Whip              |       |       |     4 |    20 ||    24
 Cast: Shock             |    59 |   133 |   324 |   346 ||   862
       Airstrike         |       |     7 |    38 |    72 ||   117
       Conjure Flame     |       |       |       |     5 ||     5
       Static Discharge  |       |       |       |     4 ||     4
  Use: Scroll            |     5 |     2 |     5 |     4 ||    16
       Potion            |       |     2 |     2 |     1 ||     5
  Eat: Chunk             |     2 |     7 |    15 |    13 ||    37
       Ration            |       |       |     2 |     2 ||     4
Armor: Robe              |     4 |     4 |     2 |       ||    10
       Troll leather arm |       |       |    16 |    22 ||    38
       Leather armour    |       |       |       |     1 ||     1
Dodge: Dodged            |    11 |    21 |   114 |   202 ||   348
Block: Buckler           |       |       |       |     5 ||     5
